 Dungeon Crawl Stone Soup version 0.26-a0-572-g753d7e3450 (webtiles) character file.

Game seed: 16531169260589449002

0 Gargoyl the Skirmisher (level 1, -6/23 HPs)
             Began as a Gnoll Abyssal Knight on Aug 21, 2020.
             Was a Follower of Lugonu.
             Mangled by an orange demon (12 damage)
             ... on level 1 of the Abyss.
             The game lasted 00:00:13 (80 turns).

Gargoyl the Skirmisher (Gnoll Abyssal Knight)         Turns: 80, Time: 00:00:14

Health: -6/23      AC:  3    Str: 14    XL:     1   Next: 0%
Magic:  3/3        EV: 12    Int: 14    God:    Lugonu [*.....]
Gold:   4          SH:  0    Dex: 14    Spells: 0/0 levels left

rFire    . . .     SeeInvis .   a - +1 hand axe
rCold    . . .     Faith    .   (no shield)
rNeg     . . .     Spirit   .   b - +0 leather armour
rPois    .         Reflect  .   (no helmet)
rElec    .         Harm     .   (no cloak)
rCorr    .                      (no gloves)
MR       .....                  (no boots)
Stlth    +.........             (no amulet)
HPRegen  0.07/turn              (no ring)
MPRegen  0.08/turn              (no ring)

@: no status effects
A: distributed training, fangs 1, strong nose
a: Depart the Abyss, Renounce Religion


You were on level 1 of the Abyss.
You worshipped Lugonu.
Lugonu was aware of your devotion.
You visited 0 branches of the dungeon, and saw 0 of its levels.
You visited the Abyss 1 time.

You collected 4 gold pieces.

Inventory:

Hand Weapons
 a - a +1 hand axe (weapon)
Armour
 b - a +0 leather armour (worn)


   Skills:
 + Level 6.4 Fighting
 + Level 0.0 Short Blades
 + Level 0.0 Long Blades
 + Level 4.4 Axes
 + Level 0.0 Maces & Flails
 + Level 0.0 Polearms
 + Level 0.0 Staves
 + Level 0.0 Slings
 + Level 0.0 Bows
 + Level 0.0 Crossbows
 + Level 0.0 Throwing
 + Level 4.4 Armour
 + Level 2.3 Dodging
 + Level 0.0 Stealth
 + Level 0.0 Shields
 + Level 0.0 Unarmed Combat
 + Level 0.0 Spellcasting
 + Level 0.0 Conjurations
 + Level 0.0 Hexes
 + Level 0.0 Summonings
 + Level 0.0 Necromancy
 + Level 0.0 Translocations
 + Level 0.0 Transmutations
 + Level 0.0 Fire Magic
 + Level 0.0 Ice Magic
 + Level 0.0 Air Magic
 + Level 0.0 Earth Magic
 + Level 0.0 Poison Magic
 + Level 4.4 Invocations
 + Level 0.0 Evocations


You couldn't memorise any spells.
You didn't know any spells.
Your spell library was empty.

Dungeon Overview and Level Annotations

Branches:
Dungeon (0/15)

Altars:


Innate Abilities, Weirdness & Mutations

Your experience applies equally to all skills.
You have very sharp teeth.
Your uncanny sense of smell can sniff out nearby items.


Message History

Found 4 gold pieces.
c - a scroll labeled HUUFOZUANE
As you read the scroll labeled HUUFOZUANE, it crumbles to dust.
It is a scroll of identify.
You don't have any unidentified items.
An orange demon comes into view.
The orange demon screeches!
You see here 4 gold pieces.
You now have 4 gold pieces.
A tentacled starspawn comes into view.
A tentacle flies out from the starspawn's body!
The orange demon stings you from afar.
A starspawn tentacle comes into view.
The raiju bursts into living lightning!
The living lightning hits you!
* * * LOW HITPOINT WARNING * * *
The raiju blinks!
You hit the raiju but do no damage. The orange demon stings you from afar!
Ouch! That really hurt!
You die...

... .#.. ## X.##
..##. .##. ..# ##.
....#. ....
##....#... ...##....#
.
#.....X##..#.#.#..##
... #...## ##..... #
. # .##.#...#..... ∆
#..##...
......##.#.## . .##
###....4.@h...#
.....#.......#.###.##
#......#....#...#
##..##.....#.###.
..#. # .....## ## .##
..#..#.. #....
...###.# # ..###. . .
. .##. #. # . ..


You could see a tentacled starspawn, an orange demon and a raiju.

Vanquished Creatures (others)
  2 starspawn tentacles (Abyss:1)
2 creatures vanquished.

Notes
Turn   | Place    | Note
-------+----------+-------------------------------------------
     0 | Abyss:1  | Gargoyl the Gnoll Abyssal Knight began the quest for the
                  | Orb.
     0 | Abyss:1  | Reached XP level 1. HP: 23/23 MP: 3/3
    38 | Abyss:1  | Noticed a raiju
    43 | Abyss:1  | Noticed a flying skull
    69 | Abyss:1  | Noticed an orange demon
    72 | Abyss:1  | Noticed a tentacled starspawn
    80 | Abyss:1  | Mangled by an orange demon

Illustrated notes

Levels and vault maps discovered:
Abyss:1:  minivault_25_ag

Action                   || total
-------------------------++-------
Melee: Hand axe          ||     1
  Use: Scroll            ||     1

Table legend: (Time is in decaauts)
 A = Elapsed time spent in this place.
 B = Non-inter-level travel time spent in this place.
 C = Inter-level travel time spent in this place.
 D = Time resting spent in this place.
 E = Time spent auto-exploring this place.
 F = Levels seen in this place.
 G = Mean time per level.
                   A        B        C        D        E       F      G
               +--------+--------+--------+--------+--------+-----+--------+
         Total |     80 |     80 |      0 |      0 |     38 |   1 |   80.0 |
         Abyss |     80 |     80 |      0 |      0 |     38 |   1 |   80.0 |
               +--------+--------+--------+--------+--------+-----+--------+

Top non-repeatable levels by time:
 Abyss:1: 80 daAuts
